 Dungeon Crawl Stone Soup version 0.31-a0-1112-ga3593d9213 (webtiles) character file.

Game seed: 15919001061004396988

2938 Wyvric the Grappler (level 9, 0/93 HPs)
             Began as an Ogre Shapeshifter on Dec 4, 2023.
             Was a Believer of Uskayaw.
             Slain by an orc warrior
             ... wielding a +0 battleaxe
              (18 damage)
             ... on level 8 of the Dungeon.
             The game lasted 00:37:48 (8261 turns).

Wyvric the Grappler (Ogre Shapeshifter)             Turns: 8261, Time: 00:37:48

Health: 0/93       AC:  3    Str: 24    XL:     9   Next: 80%
Magic:  13/13      EV:  9    Int: 11    God:    Uskayaw [**....]
Gold:   507        SH:  0    Dex:  8    Spells: 7/8 levels left

rFire   + .          .
                       - Unarmed
rCold   . . .        (no shield)
rNeg    . . .        a - +0 animal skin
rPois   .            (helmet currently unavailable)
rElec   +            (cloak currently unavailable)
rCorr   +            (gloves unavailable)
SInv    .            (boots unavailable)
Will    .....        D - amulet of faith
Stlth   +            y - ring of Utoala {rElec rCorr}
HPRegen 0.35/turn    C - ring of protection from fire
MPRegen 0.13/turn

%: faith
@: about to teleport, beast-form
A: beast (slay +4), large, unfitting armour, tough skin 1
a: Begin Untransformation, Renounce Religion, Stomp, Line Pass


You were on level 8 of the Dungeon.
You worshipped Uskayaw.
Uskayaw was noncommittal.
You were a hulking beast.
You visited 2 branches of the dungeon, and saw 9 of its levels.
You also visited: Sewer.

You collected 1463 gold pieces.
You spent 956 gold pieces at shops.

Inventory:

Hand Weapons
 x - the +1 dagger "Zihyll" {heavy, rC+ Str+3 Int+2 Dex-3}
   (You found it on level 5 of the Dungeon)

   Str+3:     It affects your strength (+3).
   Int+2:     It affects your intelligence (+2).
   Dex-3:     It affects your dexterity (-3).
   rC+:       It protects you from cold.
Missiles
 b - 4 curare-tipped darts
 f - 9 poisoned darts
 g - 4 large rocks
 r - 3 boomerangs (quivered)
 E - 3 throwing nets
Armour
 a - a +0 animal skin (worn)
Jewellery
 y - the ring of Utoala (left hand) {rElec rCorr}
   (You bought it in a shop on level 3 of the Dungeon)

   [ring of resist corrosion]

   rElec:     It insulates you from electricity.
   rCorr:     It protects you from acid and corrosion.
 C - a ring of protection from fire (right hand)
 D - an amulet of faith (around neck)
 G - an amulet of reflection
Talismans
 c - a beast talisman (active)
 e - a maw talisman
 n - a flux talisman
 u - a dragon-blood talisman
Scrolls
 h - 2 scrolls of silence
 i - 3 scrolls of butterflies {unknown}
 j - 2 scrolls of blinking {unknown}
 m - 3 scrolls of amnesia
 s - 2 scrolls of vulnerability {unknown}
 t - 5 scrolls of teleportation
 v - a scroll of torment {unknown}
 w - a scroll of immolation {unknown}
 z - 3 scrolls of fog
Potions
 d - a potion of might
 k - a potion of curing
 l - 2 potions of heal wounds
 o - a potion of brilliance
 p - a potion of haste {unknown}
 q - a potion of lignification
 A - a potion of resistance {unknown}
 B - 2 potions of ambrosia {unknown}
 F - a potion of enlightenment {unknown}


   Skills:
 - Level 7.0 Fighting
 - Level 2.0 Dodging
 + Level 8.0 Unarmed Combat
 - Level 6.0 Invocations
 - Level 7.0 Shapeshifting


You had 7 spell levels left.
You knew the following spells:

 Your Spells              Type           Power      Damage    Failure   Level
a - Shock                 Conj/Air       0%         1d3       34%         1

Your spell library contained the following spells:

 Spells                   Type           Power      Damage    Failure   Level
 Slow                     Hex            0%         N/A       34%         1
 Cigotuvi's Dreadful Rot  Necr/Pois/Air  0%         N/A       47%         2
 Confusing Touch          Hex            0%         N/A       71%         3
 Inner Flame              Hex/Fire       0%         N/A       71%         3
 Sigil of Binding         Hex            0%         N/A       71%         3
 Swiftness                Air            0%         N/A       71%         3
 Vampiric Draining        Necr           0%         2d6       71%         3
 Airstrike                Air            0%         2d(0-16)  98%         4
 Dispel Undead            Necr           0%         3d6       98%         4
 Flame Wave               Conj/Fire      0%         2d4       98%         4
 Sticky Flame             Conj/Fire      0%         2d3       98%         4
 Death Channel            Necr           0%         N/A       100%        6


Dungeon Overview and Level Annotations

Branches:
Dungeon (8/15)             Temple (1/1) D:5           Sewer (visited)
   Lair: D:8-11

Altars:
Ashenzari
Cheibriados
Fedhas
Makhleb
Nemelex Xobeh
Okawaru
Qazlal
Ru
Sif Muna
Trog
Uskayaw
Wu Jian
Xom
Yredelemnul
Zin

Shops:
D:3 ?(=*

Annotations:
D:4 Grinder, Robin, Sigmund
D:5 2 transporters, pzskc383's ghost, amateur GrFi


Innate Abilities, Weirdness & Mutations

You are a hulking beast.
Your limbs bulge with bestial killing power. (Slay +4)
You are too large for most types of armour.
You have tough skin. (AC +1)


Message History

The boomerang hits the orc warrior but does no damage.
A wight comes into view. It is wielding a +0 mace.
You closely miss the orc warrior.
The wight throws a stone.
The stone closely misses you.
The orc warrior hits you with a +0 battleaxe.
You punch the orc warrior!
You can now pass through a line of other dancers.
You barely miss the orc warrior.
The wight throws a stone.
The stone barely misses you.
The orc warrior hits you with a +0 battleaxe!
You hit the orc warrior but do no damage.
The orc warrior hits you with a +0 battleaxe!
You barely miss the orc warrior.
The orc warrior hits you with a +0 battleaxe!
* * * LOW HITPOINT WARNING * * *
You barely miss the orc.
The wight throws a stone.
The stone closely misses you. The orc hits you with a +0 whip.
* * * LOW HITPOINT WARNING * * *
The orc warrior hits you with a +0 battleaxe!
* * * LOW HITPOINT WARNING * * *
You punch the orc!
You kill the orc!
The wight throws a stone.
The stone hits you.
* * * LOW HITPOINT WARNING * * *
The orc warrior hits you with a +0 battleaxe!!
* * * LOW HITPOINT WARNING * * *
You feel much better.
A wight comes into view. It is wielding a +0 short sword.
The orc warrior hits you with a +0 battleaxe!
* * * LOW HITPOINT WARNING * * *
Unknown command.
As you read the scroll of teleportation, it crumbles to dust.
You feel strangely unstable.
The wight throws a stone.
The stone hits you.
* * * LOW HITPOINT WARNING * * *
The orc warrior hits you with a +0 battleaxe!
* * * LOW HITPOINT WARNING * * *
You barely miss the orc warrior.
The wight throws a stone.
The stone closely misses you.
The orc warrior hits you with a +0 battleaxe!!
You die...

##+## ........' #....
####........# #....
..#........# #....
..#z.......#####'## .
##'#z..........>.)..
..)##..#................
....'.)#................
#.oh................
###'##........#######.
#.............'.....#.
#.............#.....#.
#.............#.....#.
#.............#.....#.
###.............#.....#.
#.....###########.....#.
#.....#...............#.


You could see an orc warrior and 2 wights.

Vanquished Creatures
  Eustachio (D:6)
  2 wyverns
  A steam dragon (D:7)
  An acid dragon (D:8)
  2 sky beasts (D:7)
  An ice beast (D:8)
  2 black bears (D:6)
  A centaur (D:7)
  A phantom (D:5)
  5 kobold brigands
  A bullfrog (D:6)
  A gnoll sergeant (D:7)
  2 brain worms (Sewer)
  A wight (D:8)
  4 killer bees
  A howler monkey (D:7)
  2 jellies
  An orc priest (D:7)
  2 hounds
  5 iguanas
  2 sleepcaps
  2 orc wizards
  12 adders
  12 gnolls
  4 river rats (Sewer)
  A shadow imp (D:5)
  2 ufetubi (D:6)
  A worm (D:5)
  6 dart slugs
  15 orcs
  6 ball pythons
  8 bats
  3 endoplasms (D:2)
  4 giant cockroaches
  4 hobgoblins
  12 jackals
  16 kobolds
  2 quokkas
  4 frilled lizards
  2 goblins
  6 rats
161 creatures vanquished.

Vanquished Creatures (others)
  5 dream sheep (D:7)
  A kobold (D:7)
6 creatures vanquished.

Grand Total: 167 creatures vanquished

Notes
Turn   | Place    | Note
-------+----------+-------------------------------------------
     0 | D:1      | Wyvric the Ogre Shapeshifter began the quest for the Orb.
     0 | D:1      | Reached XP level 1. HP: 19/19 MP: 1/1
   194 | D:1      | Reached XP level 2. HP: 27/27 MP: 2/2
   204 | D:1      | Learned a level 1 spell: Shock
   562 | D:1      | Reached skill level 3 in Unarmed Combat
   803 | D:1      | Reached XP level 3. HP: 35/35 MP: 1/3
  1347 | D:2      | Reached XP level 4. HP: 41/42 MP: 4/4
  1813 | D:3      | Found Zin's Purification Station.
  1813 | D:3      | Found a glowing silver altar of Zin.
  1819 | D:3      | Bought a potion of curing for 90 gold pieces
  2070 | D:3      | Found Enag's Weapon Shoppe.
  2106 | D:3      | Noticed a +0 falchion
  2106 | D:3      | Noticed a +0 dagger
  2107 | D:3      | Noticed a +0 falchion
  2108 | D:3      | Noticed a +0 dagger
  2108 | D:3      | Noticed a +0 spear
  2108 | D:3      | Noticed a +0 spear
  2108 | D:3      | Noticed a +0 short sword
  2110 | D:3      | Noticed a +0 short sword
  2121 | D:3      | Found a hide-covered altar of Uskayaw.
  2126 | D:3      | Became a worshipper of Uskayaw the Reveller
  2140 | D:3      | Found Hehaah's Magic Scroll Shop.
  2243 | D:3      | Found Jitsyreo's Assorted Antiques.
  2255 | D:3      | Found Qakk's Jewellery Boutique.
  2280 | D:3      | Reached * piety under Uskayaw
  2299 | D:3      | Found a bloodstained altar of Trog.
  2395 | D:3      | Bought a scroll of identify for 28 gold pieces
  2399 | D:3      | Identified a scroll of acquirement
  2400 | D:3      | Acquired 1193 gold pieces
  2443 | D:3      | Bought a potion of heal wounds for 150 gold pieces
  2484 | D:3      | Bought a scroll of identify for 28 gold pieces
  2484 | D:3      | Bought a scroll of identify for 28 gold pieces
  2484 | D:3      | Bought a scroll of identify for 28 gold pieces
  2484 | D:3      | Bought a scroll of teleportation for 42 gold pieces
  2484 | D:3      | Bought a scroll of fog for 56 gold pieces
  2488 | D:3      | Bought a scroll of teleportation for 42 gold pieces
  2529 | D:3      | Bought a potion of curing for 90 gold pieces
  2544 | D:3      | Bought the ring of Utoala {rElec rCorr} for 374 gold pieces
  2622 | D:4      | Noticed Robin
  2634 | D:3      | Reached ** piety under Uskayaw
  2637 | D:3      | Reached XP level 5. HP: 15/49 MP: 1/5
  2783 | D:4      | Reached skill level 5 in Shapeshifting
  2922 | D:4      | Found a glowing drain.
  2948 | D:4      | Reached *** piety under Uskayaw
  3017 | Sewer    | Entered a sewer
  3035 | Sewer    | Noticed a kobold brigand
  3053 | Sewer    | Killed a kobold brigand
  3054 | Sewer    | Reached XP level 6. HP: 43/57 MP: 2/6
  3777 | Sewer    | Reached skill level 4 in Unarmed Combat
  4026 | Sewer    | Reached XP level 7. HP: 31/65 MP: 7/7
  4527 | D:4      | Noticed Grinder
  4527 | D:4      | Paralysed by Grinder for 2 turns
  4549 | D:4      | Noticed Sigmund
  4613 | D:5      | Entered Level 5 of the Dungeon
  4743 | D:5      | Reached skill level 1 in Invocations
  4750 | D:5      | Reached **** piety under Uskayaw
  4759 | D:5      | Identified the +1 dagger "Zihyll" {heavy, rC+ Str+3 Int+2
                  | Dex-3}
  4821 | D:5      | Found a staircase to the Ecumenical Temple.
  4832 | Temple   | Entered the Ecumenical Temple
  4924 | D:5      | Found a sparkling altar of Nemelex Xobeh.
  4956 | D:5      | Reached skill level 5 in Unarmed Combat
  4984 | D:5      | Found a transporter.
  4984 | D:5      | Noticed pzskc383's ghost (amateur GrFi)
  5003 | D:5      | Found a transporter.
  5079 | D:5      | Reached XP level 8. HP: 68/75 MP: 8/8
  5619 | D:6      | Reached skill level 6 in Unarmed Combat
  5765 | D:6      | Noticed Eustachio
  5775 | D:6      | Killed Eustachio
  5776 | D:6      | Reached skill level 5 in Fighting
  5917 | D:6      | Found an iron altar of Okawaru.
  6126 | D:7      | Noticed a wyvern
  6256 | D:7      | Reached XP level 9. HP: 42/93 MP: 9/9
  6430 | D:7      | Reached skill level 7 in Unarmed Combat
  7098 | D:7      | Reached skill level 5 in Invocations
  7222 | D:7      | Found a shimmering altar of Xom.
  7344 | D:7      | Noticed a cyclops
  7494 | D:8      | Found a snail-covered altar of Cheibriados.
  8167 | D:8      | Reached skill level 8 in Unarmed Combat
  8261 | D:8      | Slain by an orc warrior

Illustrated notes

Levels and vault maps discovered:
D:1:      minmay_arrival_wavy_path, layout_basic, minmay_misc_feat_hallway
D:2:      layout_rooms, kennysheep_generic_room_13
D:3:      layout_rooms, nicolae_uskayaw_en_pointe, zin_purify,
          lemuel_coloured_pillars_altar, serial_shops, shop, shop, shop,
          nicolae_shop_advertising_works [nicolae_subvault_shop_adworks],
          minivault_24
D:4:      layout_basic, gup_sewer_entry_glass, uniq_sigmund, uniq_grinder,
          uniq_robin
D:5:      layout_rooms, lemuel_tele_altar, minmay_temple_entry_gardened_gates,
          gammafunk_ghost_arena
D:6:      layout_loops_ring, okawaru_altar_gauntlet_db, uniq_eustachio
D:7:      layout_loops_ring, gammafunk_temple_overflow_claw,
          kb_xom_exploding_sheep, minmay_misc_feat_nine_boxes
D:8:      layout_gridville, kennysheep_slug_shrine, kennysheep_mini_moat,
          dpeg_oklobed_lair
Temple:   hellmonk_temple_flake

Skill      XL: |  1  2  3  4  5  6  7  8  9 |
---------------+----------------------------+-----
Unarmed Combat | 3 4 5 6 8 |  8.0
Fighting       | 2 3 7 |  7.0
Dodging        | 2 |  2.0
Shapeshifting  | 4 5 6 7 |  7.0
Invocations    | 1 6 |  6.0

Action                     |  1- 3 |  4- 6 |  7- 9 || total
---------------------------+-------+-------+-------++-------
  Melee: Unarmed           |    67 |   194 |   230 ||   491
         Punch             |     1 |     4 |     8 ||    13
  Throw: Stone             |     3 |       |    70 ||    73
         Large rock        |     5 |       |     2 ||     7
         Boomerang         |       |    20 |    50 ||    70
         Dart              |       |       |     5 ||     5
   Cast: Shock             |    14 |    20 |       ||    34
Ability: Begin Untransform |       |     1 |       ||     1
    Use: Scroll            |       |    10 |     4 ||    14
         Potion            |       |     3 |     1 ||     4
   Stab: Paralysed         |       |     1 |     6 ||     7
 Armour: Animal skin       |    34 |   120 |   175 ||   329
         Skin              |       |    17 |       ||    17
  Dodge: Dodged            |    20 |    68 |   101 ||   189
   Form: Beast             |       |     1 |       ||     1

Table legend: (Time is in decaauts)
 A = Elapsed time spent in this place.
 B = Non-inter-level travel time spent in this place.
 C = Inter-level travel time spent in this place.
 D = Time resting spent in this place.
 E = Time spent auto-exploring this place.
 F = Levels seen in this place.
 G = Mean time per level.
                   A        B        C        D        E       F      G
               +--------+--------+--------+--------+--------+-----+--------+
         Total |   8275 |   7860 |    415 |   2102 |   3087 |  10 |  827.5 |
       Dungeon |   6861 |   6446 |    415 |   1456 |   2871 |   8 |  857.6 |
        Temple |      1 |      1 |      0 |      0 |      0 |   1 |    1.0 |
         Sewer |   1411 |   1411 |      0 |    646 |    216 |   1 | 1411.0 |
               +--------+--------+--------+--------+--------+-----+--------+

Top non-repeatable levels by time:
     D:7: 1730 daAuts
   Sewer: 1411 daAuts
     D:1: 1014 daAuts
     D:3: 960 daAuts
     D:6: 930 daAuts
     D:2: 821 daAuts
     D:5: 568 daAuts
     D:8: 423 daAuts
     D:4: 412 daAuts
  Temple: 1 daAuts
